 Dungeon Crawl Stone Soup version 0.31.0-9-g3a7656b989 (webtiles) character file.

Game seed: 12556293423332648361

438 qw the Skirmisher (level 6, -1/35 HPs)
             Began as a Deep Elf Hunter on Feb 2, 2024.
             Slain by Pargi (4 damage)
             ... on level 4 of the Dungeon.
             The game lasted 00:00:14 (3023 turns).

qw the Skirmisher (Deep Elf Hunter)                 Turns: 3023, Time: 00:00:15

Health: -1/35      AC:  8    Str: 10    XL:     6   Next: 69%
Magic:  8/8        EV: 10    Int: 14    God:
Gold:   256        SH:  0    Dex: 24    Spells: 5/5 levels left

rFire   . . .        a - +0 shortbow
rCold   . . .        (shield currently unavailable)
rNeg    . . .        e - +0 scale mail
rPois   .            (no helmet)
rElec   .            (no cloak)
rCorr   .            (no gloves)
SInv    .            d - +1 pair of boots
Will    .....        (no amulet)
Stlth   +            f - +6 ring of dexterity
HPRegen 0.25/turn    (no ring)
MPRegen 0.11/turn

%: no passive effects
@: no status effects
A: no striking features
a: no special abilities


You were on level 4 of the Dungeon.
You visited 1 branch of the dungeon, and saw 4 of its levels.

You collected 256 gold pieces.


   Skills:
 - Level 2.0 Fighting
 + Level 9.9 Ranged Weapons
 - Level 1.0 Armour
 - Level 3.2 Dodging
 - Level 1.2 Stealth


You had 5 spell levels left.
You didn't know any spells.
Your spell library was empty.

Inventory:

Hand Weapons
 a - a +0 shortbow (weapon)
Armour
 d - a +1 pair of boots (worn)
 e - a +0 scale mail (worn)
 i - a +0 ring mail
Jewellery
 f - a +6 ring of dexterity (left hand)
 h - a ring of ice
 k - an amulet of the acrobat
Scrolls
 b - 2 scrolls of identify
 j - 2 scrolls of noise {unknown}
Potions
 c - 2 potions of berserk rage {unknown}
 g - 3 potions of curing
 l - a potion of brilliance {unknown}
 m - a potion of enlightenment {unknown}
 n - a potion of invisibility {unknown}

Dungeon Overview and Level Annotations

Branches:
Dungeon (4/15)
 Temple: D:4-7

Altars:
Fedhas
Kikubaaqudgha
Nemelex Xobeh
Wu Jian

Annotations:
D:4 Pargi


Message History

You shoot an arrow. The arrow barely misses Pargi.
Pargi looks around nervously.
Pargi barely misses you. Pargi claws you but does no damage. Pargi claws you.
You shoot an arrow. The arrow hits Pargi!
Pargi is severely wounded.
Pargi bites you but does no damage. Pargi claws you but does no damage.
Pargi claws you. Pargi bites you but does no damage. Pargi misses you.
Pargi claws you but does no damage.
You shoot an arrow. The arrow hits Pargi.
Pargi is severely wounded.
Pargi bites you. Pargi barely misses you. Pargi claws you but does no damage.
You shoot an arrow. The arrow closely misses Pargi.
Pargi bites you. Pargi barely misses you. Pargi claws you.
You shoot an arrow. The arrow hits Pargi.
Pargi is heavily wounded.
Pargi bites you but does no damage. Pargi barely misses you.
Pargi closely misses you.
You shoot an arrow. The arrow hits Pargi.
Pargi is severely wounded.
Pargi bites you but does no damage. Pargi claws you. Pargi misses you.
You shoot an arrow. The arrow hits Pargi.
Pargi is severely wounded.
Pargi barely misses you. Pargi claws you but does no damage. Pargi claws you.
Pargi closely misses you. Pargi claws you. Pargi claws you but does no damage.
You shoot an arrow. The arrow hits Pargi!
Pargi is almost dead.
Pargi barely misses you. Pargi claws you but does no damage. x2
You shoot an arrow. The arrow closely misses Pargi.
Pargi misses you. Pargi closely misses you. Pargi claws you.
You shoot an arrow. The arrow closely misses Pargi.
Pargi bites you but does no damage. Pargi barely misses you.
Pargi claws you but does no damage.
You shoot an arrow. The arrow hits Pargi.
Pargi is almost dead.
Pargi barely misses you. Pargi claws you. Pargi barely misses you.
You shoot an arrow. The arrow hits Pargi.
Pargi is almost dead.
Pargi closely misses you. Pargi claws you but does no damage. Pargi claws you.
Pargi bites you.
You die...

##......###).##..##
##.......####.###.##
##.................[.
###.......#......###...
#.........#...#....#...
#......................
#.....................
#..T##.............).
##@..#.............
#...###..#........
#........#........
###>...<...##.....
#.......#........
###................
##......##..........
#..............##...
##...##.........##..


You could see Pargi.

Vanquished Creatures
  A black bear (D:4)
  A scorpion (D:4)
  2 sleepcaps (D:4)
  An iguana (D:4)
  3 gnolls (D:2)
  7 adders
  5 dart slugs
  10 orcs
  6 endoplasms
  5 giant cockroaches
  16 goblins
  8 hobgoblins
  2 quokkas (D:2)
  11 ball pythons
  5 bats
  13 frilled lizards
  9 kobolds
  3 rats
108 creatures vanquished.

Notes
Turn   | Place    | Note
-------+----------+-------------------------------------------
     0 | D:1      | qw the Deep Elf Hunter began the quest for the Orb.
     0 | D:1      | Reached XP level 1. HP: 12/12 MP: 3/3
     0 | D:1      | 0 ||| qw: Version: 0.3-a-155-g5e7d8dd
     0 | D:1      | 0 ||| qw: Game counter: 1973
     0 | D:1      | 0 ||| qw: Melee chars always use a shield: true
     0 | D:1      | 0 ||| qw: God list: Okawaru
     0 | D:1      | 0 ||| qw: Allow faded altars: false
     0 | D:1      | 0 ||| qw: Do Orc after clearing Dungeon:15 true
     0 | D:1      | 0 ||| qw: Do second Lair branch before Depths: true
     0 | D:1      | 0 ||| qw: Lair rune preference: random
     0 | D:1      | 0 ||| qw: Goals: Normal
     0 | D:1      | 0 ||| PLANNING D:1-11
   260 | D:1      | Reached XP level 2. HP: 15/16 MP: 4/4
   266 | D:1      | Reached skill level 6 in Ranged Weapons
   615 | D:1      | 615 ||| UPGRADING to +1 pair of boots.
   620 | D:1      | 620 ||| UPGRADING to +6 ring of dexterity.
   621 | D:1      | 621 ||| READING scroll labelled XINOFR TAARE.
   622 | D:1      | 622 ||| DROPPING scroll of butterflies.
   776 | D:2      | Reached XP level 3. HP: 20/20 MP: 5/5
   859 | D:2      | You fall into a shaft and drop 1 floor!
   897 | D:3      | Reached skill level 7 in Ranged Weapons
  1138 | D:3      | 1138 ||| READING 2 scrolls of identify.
  1138 | D:3      | 1138 ||| IDENTIFYING silvery potion
  1139 | D:3      | 1139 ||| READING scroll of identify.
  1139 | D:3      | 1139 ||| IDENTIFYING 2 black potions
  1140 | D:3      | 1140 ||| READING scroll labelled MOPPEPETIJ.
  1141 | D:3      | 1141 ||| DROPPING potion of attraction.
  1152 | D:2      | Reached skill level 3 in Dodging
  1159 | D:2      | Reached XP level 4. HP: 23/25 MP: 6/6
  1654 | D:2      | 1654 ||| READING 2 scrolls of identify.
  1654 | D:2      | 1654 ||| IDENTIFYING scroll labelled MYLYESIOTH
  1655 | D:2      | 1655 ||| DROPPING scroll of amnesia.
  1748 | D:3      | Found an ancient bone altar of Kikubaaqudgha.
  1751 | D:3      | Found a blossoming altar of Fedhas.
  1876 | D:3      | Reached skill level 8 in Ranged Weapons
  1884 | D:3      | Reached XP level 5. HP: 23/29 MP: 7/7
  2159 | D:3      | 2159 ||| UPGRADING to +0 scale mail.
  2169 | D:3      | 2169 ||| DROPPING +0 leather armour.
  2170 | D:3      | 2170 ||| READING scroll of identify.
  2170 | D:3      | 2170 ||| IDENTIFYING scroll labelled KEABLUDIDO
  2171 | D:3      | 2171 ||| READING scroll labelled REESUI VUSIAT.
  2272 | D:3      | 2272 ||| READING scroll labelled NEEZYBBYPU.
  2366 | D:4      | 2366 ||| FLEEEEING.
  2367 | D:4      | 2367 ||| FLEEEEING.
  2369 | D:4      | 2369 ||| FLEEEEING.
  2386 | D:4      | 2386 ||| FLEEEEING.
  2387 | D:4      | 2387 ||| FLEEEEING.
  2396 | D:4      | Reached skill level 9 in Ranged Weapons
  2425 | D:4      | Reached skill level 1 in Armour
  2432 | D:4      | Reached XP level 6. HP: 35/35 MP: 8/8
  2444 | D:4      | HP: 8/35 [kobold/+0 dagger (2)]
  2445 | D:4      | 2445 ||| READING 2 scrolls of teleportation.
  2448 | D:4      | Found a sparkling altar of Nemelex Xobeh.
  2754 | D:4      | Found an ornate altar of the Wu Jian Council.
  2789 | D:4      | HP: 8/35 [orc/+1 morningstar of protection (6)]
  2790 | D:4      | 2790 ||| READING scroll of teleportation.
  2867 | D:4      | 2867 ||| FLEEEEING.
  2868 | D:4      | 2868 ||| FLEEEEING.
  2872 | D:4      | 2872 ||| FLEEEEING.
  2873 | D:4      | 2873 ||| FLEEEEING.
  2874 | D:4      | 2874 ||| FLEEEEING.
  2875 | D:4      | 2875 ||| FLEEEEING.
  2876 | D:4      | 2876 ||| FLEEEEING.
  2877 | D:4      | 2877 ||| FLEEEEING.
  2878 | D:4      | 2878 ||| FLEEEEING.
  2879 | D:4      | 2879 ||| FLEEEEING.
  2880 | D:4      | 2880 ||| FLEEEEING.
  2881 | D:4      | 2881 ||| FLEEEEING.
  3000 | D:4      | Noticed Pargi
  3018 | D:4      | HP: 7/35 [Pargi (3)]
  3022 | D:4      | HP: 3/35 [Pargi (2)]
  3023 | D:4      | Slain by Pargi

Levels and vault maps discovered:
D:1:      zelgadis_glass_arrival_small, layout_loops_ring
D:2:      layout_basic, roderic_serpentine_path, minivault_26,
          minmay_lizard_pond
D:3:      cheibrodos_greedy_goblins, layout_loops_cross,
          grunt_temple_overflow_growth_and_decay, minmay_pentangle
D:4:      layout_cave_pools, nemelex_diamond_rough_becter,
          nzn_wu_jian_contemplation, uniq_pargi

Skill      XL: |  1  2  3  4  5  6 |
---------------+-------------------+-----
Ranged Weapons | 6 7 8 9 |  9.9
Dodging        | 3 |  3.2
Armour         | 1 |  1.0
Fighting       | 2 |  2.0
Stealth        | |  1.2

Action                     |  1- 3 |  4- 6 || total
---------------------------+-------+-------++-------
   Fire: Shortbow          |   118 |   208 ||   326
    Use: Scroll            |     4 |     6 ||    10
 Armour: Leather armour    |    25 |    14 ||    39
         Scale mail        |       |    98 ||    98
  Dodge: Dodged            |    35 |   101 ||   136

Table legend:
 A = Non-vault XP
 B = Vault XP
 C = Vault XP percentage of total XP
 D = Non-vault monster count
 E = Vault monster count
 F = Vault count percentage of total count
                 A         B        C        D         E       F
            +---------+---------+-------+---------+---------+-------
      Total |     579 |      48 |   7.7 |      80 |      28 |  25.9
            +---------+---------+-------+---------+---------+-------
        D:1 |      27 |       0 |   0.0 |      15 |       0 |   0.0
        D:2 |     104 |       8 |   7.1 |      25 |       8 |  24.2
        D:3 |      34 |      40 |  54.1 |      12 |      20 |  62.5
        D:4 |     414 |       0 |   0.0 |      28 |       0 |   0.0
            +---------+---------+-------+---------+---------+-------
